 Dungeon Crawl Stone Soup version 0.23-a0-550-g7de1f8e (webtiles) character file.

81 Leeroy the Charmwright (level 4, -2/38 HPs)
             Began as a Gnoll Skald on Dec 9, 2018.
             Slain by an orc
             ... wielding a +3 short sword
              (3 damage)
             ... on level 3 of the Dungeon.
             The game lasted 00:09:17 (1717 turns).

Leeroy the Charmwright (Gnoll Skald)                Turns: 1717, Time: 00:09:17

Health: -2/38      AC:  4    Str: 15    XL:     4   Next: 42%
Magic:  8/11       EV: 14    Int: 15    God:
Gold:   52         SH:  0    Dex: 14    Spells: 2/13 levels left

rFire    . . .     SeeInvis .   a - +0 falchion
rCold    . . .     Gourm    .   (no shield)
rNeg     . . .     Faith    .   b - +1 leather armour
rPois    .         Spirit   .   (no helmet)
rElec    .         Reflect  .   (no cloak)
rCorr    .         Harm     .   (no gloves)
MR       .....                  (no boots)
Stlth    +.........             (no amulet)
HPRegen  0.12/turn              (no ring)
MPRegen  0.12/turn              (no ring)

@: no status effects
A: distributed training, fangs 1, strong nose
a: no special abilities


You were on level 3 of the Dungeon.
You were not hungry.

You visited 1 branch of the dungeon, and saw 3 of its levels.

You collected 52 gold pieces.

Inventory:

Hand Weapons
 a - a +0 falchion (weapon)
 e - a +0 dagger
 l - a +0 club
 m - a +0 dagger
 o - a +0 rapier
Missiles
 h - 29 stones (quivered)
 q - 23 arrows
Armour
 b - a +1 leather armour (worn)
Scrolls
 c - a scroll of enchant armour
 g - a scroll of immolation {unknown}
 j - 2 scrolls of remove curse {unknown}
 k - a scroll of enchant weapon {unknown}
Potions
 f - a potion of lignification
Comestibles
 d - 3 rations


   Skills:
 + Level 4.6 Fighting
 + Level 1.1 Short Blades
 + Level 4.6 Long Blades
 + Level 1.1 Axes
 + Level 1.1 Maces & Flails
 + Level 1.1 Polearms
 + Level 1.1 Staves
 + Level 1.1 Slings
 + Level 1.1 Bows
 + Level 1.1 Crossbows
 + Level 1.1 Throwing
 + Level 2.7 Armour
 + Level 4.6 Dodging
 + Level 1.1 Stealth
 + Level 1.1 Shields
 + Level 1.1 Unarmed Combat
 + Level 5.0 Spellcasting
 + Level 0.8 Conjurations
 + Level 0.8 Hexes
 + Level 5.4 Charms
 + Level 0.8 Summonings
 + Level 0.8 Necromancy
 + Level 0.8 Translocations
 + Level 0.8 Transmutations
 + Level 0.8 Fire Magic
 + Level 0.8 Ice Magic
 + Level 0.8 Air Magic
 + Level 0.8 Earth Magic
 + Level 0.8 Poison Magic
 + Level 1.2 Invocations
 + Level 1.1 Evocations


You had 2 spell levels left.
You knew the following spells:

 Your Spells              Type           Power        Failure   Level  Hunger
a - Infusion              Chrm           ###.         1%          1    None
b - Song of Slaying       Chrm           ###.....     3%          2    ##.....
c - Shroud of Golubria    Chrm/Tloc      ##........   9%          2    ##.....
d - Regeneration          Chrm/Necr      ##........   16%         3    ###....
e - Spectral Weapon       Hex/Chrm       ##......     16%         3    ###....

Your spell library contained the following spells:

 Spells                   Type           Power        Failure   Level  Hunger


Dungeon Overview and Level Annotations

Branches:
Dungeon (3/15)

Altars:

Annotations:
D:2 Sigmund


Innate Abilities, Weirdness & Mutations

Your experience applies equally to all skills.
You have very sharp teeth.
Your uncanny sense of smell can sniff out nearby items.


Message History

The orc misses you.
A rat comes into view.
Casting: Regeneration (safe; 16% risk of failure)
Confirm with . or Enter, or press ? or * to list all spells.
Space distorts slightly along a thin shroud covering your body.
Your shroud bends the orc's attack away.
The orc hits you with a +3 short sword.
Your shroud falls apart!
You hit the orc. You bite the orc.
The orc is severely wounded.
The orc hits you with a +3 short sword!
* * * LOW HITPOINT WARNING * * *
The orc hits you with a +3 short sword.
* * * LOW HITPOINT WARNING * * *
Okay, then.
As you read the scroll labeled JUWUITAKAJ, it crumbles to dust.
It is a scroll of enchant armour.
Your +0 leather armour glows green for a moment.
The orc barely misses you. The orc hits you with a +3 short sword.
You die...

#....))..###.
+....)..(...<.
#####.....)......#
##.....#'#+##.###.#
.........o..# ... #
###.....#r### ##.#
#.....#o# ...
#.....#o# ..
#.....#@# #######.#
#+#


You could see 3 orcs and a rat.

Vanquished Creatures
  An adder (D:2)
  2 oozes (D:1)
  A worm (D:2)
  3 dart slugs (D:1)
  A leopard gecko (D:2)
  4 orcs (D:3)
  9 bats
  2 giant cockroaches
  3 goblins (D:1)
  3 hobgoblins
  4 jackals (D:2)
  A ball python (D:1)
  10 frilled lizards
  3 kobolds
  6 rats
53 creatures vanquished.

Vanquished Creatures (others)
  A spectral weapon (D:2)
1 creature vanquished.

Grand Total: 54 creatures vanquished

Notes
Turn   | Place    | Note
-------+----------+-------------------------------------------
     0 | D:1      | Leeroy the Gnoll Skald began the quest for the Orb.
     0 | D:1      | Reached XP level 1. HP: 20/20 MP: 6/6
    21 | D:1      | Reached XP level 2. HP: 14/26 MP: 0/7
    31 | D:1      | Learned a level 2 spell: Song of Slaying
    34 | D:1      | Learned a level 2 spell: Shroud of Golubria
   187 | D:1      | Reached XP level 3. HP: 19/31 MP: 9/9
   204 | D:1      | Reached skill level 5 in Spellcasting
   211 | D:1      | Learned a level 3 spell: Regeneration
   215 | D:1      | Learned a level 3 spell: Spectral Weapon
   504 | D:1      | Reached skill level 1 in Invocations
   727 | D:2      | Noticed Sigmund
   900 | D:2      | Reached skill level 1 in Short Blades
   900 | D:2      | Reached skill level 1 in Axes
   900 | D:2      | Reached skill level 1 in Maces & Flails
   900 | D:2      | Reached skill level 1 in Polearms
   900 | D:2      | Reached skill level 1 in Staves
   900 | D:2      | Reached skill level 1 in Slings
   900 | D:2      | Reached skill level 1 in Bows
   900 | D:2      | Reached skill level 1 in Crossbows
   900 | D:2      | Reached skill level 1 in Throwing
   900 | D:2      | Reached skill level 1 in Stealth
   900 | D:2      | Reached skill level 1 in Shields
   900 | D:2      | Reached skill level 1 in Unarmed Combat
   900 | D:2      | Reached skill level 1 in Evocations
   932 | D:2      | Reached XP level 4. HP: 18/38 MP: 7/11
  1715 | D:3      | HP: 1/38 [orc/+3 short sword (5)]
  1717 | D:3      | Slain by an orc

Vault maps used:
D:1:      onia_arrival_handbag, minmay_misc_feat_tiny, minmay_lizard_pond
D:2:      uniq_sigmund
D:3:      portal_sewer_entry_f

Skill      XL: |  1  2  3 |
---------------+----------+-----
Spellcasting   | 5 |  5.0
Invocations    | 1 |  1.2
Short Blades   | 1 |  1.1
Axes           | 1 |  1.1
Maces & Flails | 1 |  1.1
Polearms       | 1 |  1.1
Staves         | 1 |  1.1
Slings         | 1 |  1.1
Bows           | 1 |  1.1
Crossbows      | 1 |  1.1
Throwing       | 1 |  1.1
Stealth        | 1 |  1.1
Shields        | 1 |  1.1
Unarmed Combat | 1 |  1.1
Evocations     | 1 |  1.1
Fighting       | |  4.6
Long Blades    | |  4.6
Armour         | |  2.7
Dodging        | |  4.6
Conjurations   | |  0.8
Hexes          | |  0.8
Charms         | |  5.4
Summonings     | |  0.8
Necromancy     | |  0.8
Translocations | |  0.8
Transmutations | |  0.8
Fire Magic     | |  0.8
Ice Magic      | |  0.8
Air Magic      | |  0.8
Earth Magic    | |  0.8
Poison Magic   | |  0.8

Action                   |  1- 3 |  4- 6 || total
-------------------------+-------+-------++-------
Melee: Falchion          |   119 |    36 ||   155
       Bite              |    20 |     5 ||    25
       Punch             |       |     1 ||     1
Throw: Stone             |       |    19 ||    19
 Cast: Infusion          |     1 |       ||     1
       Shroud of Golubri |     1 |     4 ||     5
       Regeneration      |     1 |     3 ||     4
       Song of Slaying   |     1 |       ||     1
       Spectral Weapon   |       |     1 ||     1
  Use: Potion            |       |     4 ||     4
       Scroll            |       |     1 ||     1
 Stab: Sleeping          |     1 |     1 ||     2
  Eat: Chunk             |       |     2 ||     2
       Ration            |       |     1 ||     1
Armor: Leather armour    |    39 |    11 ||    50
       Skin              |       |    15 ||    15
Dodge: Dodged            |   110 |    58 ||   168
       Rpst.: Falchion   |    34 |    12 ||    46

Table legend:
 A = Non-vault XP
 B = Vault XP
 C = Vault XP percentage of total XP
 D = Non-vault monster count
 E = Vault monster count
 F = Vault count percentage of total count
                 A         B        C        D         E       F
            +---------+---------+-------+---------+---------+-------
      Total |     100 |      17 |  14.5 |      42 |      11 |  20.8
            +---------+---------+-------+---------+---------+-------
        D:1 |      47 |      17 |  26.6 |      22 |      11 |  33.3
        D:2 |      39 |       0 |   0.0 |      14 |       0 |   0.0
        D:3 |      14 |       0 |   0.0 |       6 |       0 |   0.0
            +---------+---------+-------+---------+---------+-------
